[Event "Titled Tuesday Blitz May 03 Early 2022"]
[White "Bocharov, Dmitry"]
[Black "Donchenko, Alexander"]
[WhiteFideId "4138716"]
[BlackFideId "24603295"]
[WhiteElo "2541"]
[BlackElo "2539"]
[Result "0-1"]
[Round "06"]
[TimeControl "180+1"]
[Date "2022.05.03"]
[WhiteClock "0:00:07"]
[BlackClock "0:00:04"]

1. d4 d5 2. c4 dxc4 3. Nf3 a6 4. e3 e6 5. Bxc4 c5 6. O-O Nf6 7. Nbd2 b6 8. e4 Bb7 9. e5 Nfd7 10. Re1 b5 11. Bd3 Nc6 12. a4 c4 13. Be4 Be7 14. d5 exd5 15. Bxd5 Nc5 16. Ne4 Nd3 17. Nd6+ Bxd6 18. exd6+ Nxe1 19. Qxe1+ Kf8 20. Bf4 Na5 21. Bxb7 Nxb7 22. axb5 axb5 23. Rxa8 Qxa8 24. Qe7+ Kg8 25. h4 h6 26. Ne5 Nd8 27. d7 Kh7 28. Nxf7 Nxf7 29. Qxf7 Rf8 30. Qe7 Rd8 31. Be5 Rg8 32. h5 Qd5 33. Kh2 b4 34. f4 c3 35. bxc3 bxc3 36. Bf6 Qxh5+ 37. Kg3 Qg6+ 38. Kf3 Qxf6 39. Qe4+ Kh8 40. Qd5 Rd8 0-1


[Site "https://www.chess.com"]

[Event "Titled Tuesday Blitz May 03 Early 2022"]
[White "Borgaonkar Akshay"]
[Black "Melian, Juan Sebastian"]
[WhiteFideId "25639110"]
[BlackFideId "3706575"]
[WhiteElo "1624"]
[BlackElo "1842"]
[Result "0-1"]
[Round "06"]
[TimeControl "180+1"]
[Date "2022.05.03"]
[WhiteClock "0:00:34"]
[BlackClock "0:00:33"]

1. d4 Nf6 2. Bg5 Ne4 3. h4 d5 4. Nd2 Bf5 5. Ngf3 Nd7 6. e3 f6 7. Bf4 e6 8. Nxe4 Bxe4 9. Bd3 Bd6 10. Bxd6 cxd6 11. Bxe4 dxe4 12. Nd2 d5 13. f3 exf3 14. Qxf3 O-O 15. h5 Nb6 16. Rh3 e5 17. Rg3 exd4 18. Qg4 Qe7 19. Qxd4 Rfe8 20. O-O-O Qe5 21. Qg4 Re7 22. Rf1 Rc8 23. Kb1 Qc7 24. c3 Rf8 25. Rgf3 Nd7 26. Nb3 Ne5 27. Qd4 Nxf3 28. Qxd5+ Kh8 29. Qxf3 Qe5 30. Re1 Rfe8 31. Ka1 Qg5 32. e4 f5 33. e5 Rxe5 34. Rxe5 Rxe5 35. a4 Qg4 36. Qxg4 fxg4 37. Nd4 Rxh5 38. b4 Re5 39. b5 h5 40. c4 h4 41. a5 h3 42. gxh3 gxh3 43. Nf3 Re3 44. Nh2 Re2 45. Nf3 h2 46. Nxh2 Rxh2 47. c5 Rh5 48. a6 bxa6 49. c6 Rxb5 50. c7 Rc5 51. c8=Q+ Rxc8 52. Kb2 g5 53. Kb3 g4 54. Ka4 g3 55. Ka5 g2 56. Kxa6 g1=Q 57. Kb7 Qc5 58. Ka6 Qb6# 0-1


[Site "https://www.chess.com"]

[Event "Titled Tuesday Blitz May 03 Early 2022"]
[White "Bortnyk, Olexandr"]
[Black "Kollars, Dmitrij"]
[WhiteFideId "14120828"]
[BlackFideId "12909572"]
[WhiteElo "2723"]
[BlackElo "2584"]
[Result "0-1"]
[Round "06"]
[TimeControl "180+1"]
[Date "2022.05.03"]
[WhiteClock "0:00:01"]
[BlackClock "0:00:11"]

1. d4 Nf6 2. Nc3 d5 3. Bf4 c5 4. e4 Nxe4 5. Nxe4 dxe4 6. dxc5 Qa5+ 7. Qd2 Qxd2+ 8. Kxd2 Nc6 9. Re1 e5 10. Be3 Be6 11. Kc1 f5 12. f4 exf4 13. Bxf4 Bxc5 14. g4 O-O 15. gxf5 Rxf5 16. Ne2 Bf2 17. Bh3 Rf6 18. Bxe6+ Rxe6 19. Rd1 Rf8 20. Kb1 Nd4 21. Rxd4 Bxd4 22. Nxd4 Ref6 23. Bc1 Rf1 24. Rxf1 Rxf1 25. c3 Rh1 26. Kc2 Rxh2+ 27. Kd1 h5 28. Bg5 Rxb2 29. a4 Ra2 30. Nf5 Rxa4 31. Nd6 b6 32. Kd2 h4 33. Ke3 h3 34. Bf4 g5 35. Be5 Ra2 36. Nxe4 Rg2 37. Kf3 g4+ 38. Ke3 Kf7 39. Nf2 Ke6 40. Bb8 Kf5 41. Nh1 a5 42. Ng3+ Kg5 43. Ne4+ Kg6 44. Bc7 a4 45. Bxb6 a3 0-1


[Site "https://www.chess.com"]

[Event "Titled Tuesday Blitz May 03 Early 2022"]
[White "Buscar, Michael"]
[Black "Nayak, Rajesh"]
[WhiteFideId "2603616"]
[BlackFideId "35017152"]
[WhiteElo "2010"]
[BlackElo "1998"]
[Result "1-0"]
[Round "06"]
[TimeControl "180+1"]
[Date "2022.05.03"]
[WhiteClock "0:00:27"]
[BlackClock "0:00:00"]

1. Nf3 Nf6 2. b3 g6 3. Bb2 Bg7 4. e4 d6 5. Bc4 O-O 6. Qe2 Nc6 7. d4 Bg4 8. Nbd2 e5 9. h3 Bxf3 10. Nxf3 exd4 11. Nxd4 Nxe4 12. Nxc6 bxc6 13. Bxg7 Kxg7 14. O-O Re8 15. Rae1 Qf6 16. Bd3 d5 17. Bxe4 Rxe4 18. Qa6 Rae8 19. Rxe4 Rxe4 20. Qxa7 Re2 21. Qc5 Qd6 22. Qc3+ d4 23. Qc4 Rd2 24. a4 Qd5 25. Qxd5 cxd5 26. Rc1 d3 27. cxd3 Rxd3 28. b4 Rd4 29. Rxc7 Rxb4 30. a5 Ra4 31. Rc5 d4 32. Rd5 d3 33. Rxd3 Rxa5 34. Kh2 h5 35. h4 Ra4 36. g3 Ra2 37. Kg2 Rb2 38. Rc3 Ra2 39. Rc6 Rb2 40. Kf3 Ra2 41. Rd6 Rb2 42. Rd3 Ra2 43. Ke3 Rb2 44. f3 Ra2 45. Kf4 1-0


[Site "https://www.chess.com"]

[Event "Titled Tuesday Blitz May 03 Early 2022"]
[White "Cherniaiev, Tykhon"]
[Black "Baches Garcia, Guillermo"]
[WhiteFideId "14182360"]
[BlackFideId "2209764"]
[WhiteElo "2289"]
[BlackElo "2517"]
[Result "1-0"]
[Round "06"]
[TimeControl "180+1"]
[Date "2022.05.03"]
[WhiteClock "0:01:56"]
[BlackClock "0:01:17"]

1. Nf3 d5 2. c4 d4 3. b4 g5 4. Qb3 g4 5. Nxd4 Bg7 6. e3 e5 7. Nc2 Bf5 8. Bb2 Nd7 9. Be2 h5 10. Nc3 h4 11. e4 Be6 12. Ne3 g3 13. O-O-O Qg5 14. hxg3 hxg3 15. Rxh8 Bxh8 16. fxg3 Qxg3 17. Nb5 Rc8 18. Nxc7+ Rxc7 19. Nd5 1-0


[Site "https://www.chess.com"]

[Event "Titled Tuesday Blitz May 03 Early 2022"]
[White "Chernomordik, Pavel"]
[Black "Jain, Naveen"]
[WhiteFideId "2804530"]
[BlackFideId "5003970"]
[WhiteElo "2220"]
[BlackElo "2036"]
[Result "1-0"]
[Round "06"]
[TimeControl "180+1"]
[Date "2022.05.03"]
[WhiteClock "0:00:27"]
[BlackClock "0:00:17"]

1. e4 e6 2. Nc3 d5 3. d4 Bb4 4. Ne2 dxe4 5. a3 Bxc3+ 6. Nxc3 Nf6 7. Bg5 h6 8. Bh4 g5 9. Bg3 c6 10. h4 g4 11. h5 Qa5 12. b4 Qf5 13. Be2 Nbd7 14. Rh4 Rg8 15. Bd6 Nb6 16. Qd2 Qg5 17. Qxg5 Rxg5 18. Be5 Nxh5 19. Nxe4 Rxe5 20. dxe5 Nf4 21. Rxg4 Ng6 22. f4 a5 23. b5 Nd5 24. Nf6+ Nxf6 25. exf6 e5 26. Rg3 exf4 27. Rc3 cxb5 28. Bxb5+ Bd7 29. Bxd7+ Kxd7 30. O-O-O+ Ke6 31. Rc7 Kxf6 32. Rxb7 Ne5 33. Rb6+ Kf5 34. Rd5 f6 35. Rdd6 Rf8 36. Rb5 Ke4 37. Rxa5 Nc4 38. Ra4 Ke5 39. Rd3 Ne3 40. g3 Rc8 41. gxf4+ 1-0


[Site "https://www.chess.com"]

[Event "Titled Tuesday Blitz May 03 Early 2022"]
[White "Coto Mederos, Michel"]
[Black "Erdogdu, Mert"]
[WhiteFideId "3508528"]
[BlackFideId "6301495"]
[WhiteElo "2427"]
[BlackElo "2485"]
[Result "0-1"]
[Round "06"]
[TimeControl "180+1"]
[Date "2022.05.03"]
[WhiteClock "0:00:02"]
[BlackClock "0:00:40"]

1. d4 d5 2. Nf3 e6 3. Bf4 c5 4. e3 Nf6 5. Nbd2 Bd6 6. Bg3 O-O 7. c3 Nc6 8. Bd3 b6 9. Ne5 Bb7 10. f4 Ne7 11. O-O Nf5 12. Bf2 Be7 13. h3 Nd6 14. Qe2 Nfe4 15. Nxe4 Nxe4 16. Bxe4 dxe4 17. Rfd1 Qc7 18. Bg3 f6 19. Ng4 Rad8 20. Kh2 Qc6 21. Rac1 c4 22. b4 a5 23. Qb2 axb4 24. cxb4 b5 25. Rd2 Ra8 26. Rcd1 Qd7 27. Qc3 Ra4 28. a3 Rfa8 29. d5 Rxa3 30. dxe6 Qxe6 31. Qd4 Rd3 32. Rxd3 exd3 33. Nf2 Ra2 34. e4 Bxb4 35. f5 Qc6 36. Qd8+ Bf8 37. Qd4 Re2 38. Ra1 Qc5 39. Qd7 Bc6 40. Qc7 Rxf2 41. Ra7 Rxg2+ 42. Kxg2 Bxe4+ 43. Kh2 Qxc7 44. Rxc7 d2 45. Rd7 Bd3 46. Rd8 Kf7 47. Rd7+ Ke8 48. Rxd3 cxd3 0-1


[Site "https://www.chess.com"]

[Event "Titled Tuesday Blitz May 03 Early 2022"]
[White "Csonka, Balazs"]
[Black "Eynullayev, Atilla"]
[WhiteFideId "742910"]
[BlackFideId "13413570"]
[WhiteElo "2404"]
[BlackElo "1936"]
[Result "0-1"]
[Round "06"]
[TimeControl "180+1"]
[Date "2022.05.03"]
[WhiteClock "0:00:02"]
[BlackClock "0:00:47"]

1. e4 c5 2. Nf3 d6 3. Bb5+ Nc6 4. O-O Bd7 5. Re1 Nf6 6. c3 a6 7. Bf1 Bg4 8. d4 cxd4 9. cxd4 e5 10. d5 Nd4 11. Be3 Nxf3+ 12. gxf3 Bd7 13. a4 Be7 14. Qb3 b5 15. axb5 axb5 16. Rxa8 Qxa8 17. Bxb5 O-O 18. Bxd7 Nxd7 19. Na3 f5 20. Nc4 Qe8 21. Qb7 fxe4 22. fxe4 Qg6+ 23. Kf1 Qxe4 24. Nxd6 Bxd6 25. Qxd7 Bb4 26. Qe6+ Kh8 27. Bd2 Qh1+ 28. Ke2 Qf3+ 0-1


[Site "https://www.chess.com"]

[Event "Titled Tuesday Blitz May 03 Early 2022"]
[White "Cunha, Lucas Aguiar"]
[Black "Ismagambetov, Anuar"]
[WhiteFideId "2125404"]
[BlackFideId "13701525"]
[WhiteElo "2361"]
[BlackElo "2487"]
[Result "1-0"]
[Round "06"]
[TimeControl "180+1"]
[Date "2022.05.03"]
[WhiteClock "0:00:11"]
[BlackClock "0:00:08"]

1. e4 c5 2. Nf3 Nc6 3. Nc3 e5 4. Bc4 Be7 5. d3 Nf6 6. Nd2 d6 7. Nf1 Bg4 8. f3 Be6 9. b3 a6 10. a4 O-O 11. Ne3 Nb4 12. O-O d5 13. exd5 Nfxd5 14. Bd2 Qd7 15. a5 Rad8 16. Nexd5 Nxd5 17. Re1 f6 18. Ne4 Bf7 19. Qe2 Rfe8 20. Qf2 Qc6 21. Qg3 Kh8 22. Re2 Bf8 23. Rae1 Bg6 24. Qf2 Nc7 25. Be3 Rd4 26. c3 Rxc4 27. bxc4 Ne6 28. Rb1 f5 29. Rb6 Qc7 30. Ng5 Nxg5 31. Bxg5 f4 32. Rd2 Qd7 33. Qe2 Kg8 34. Qd1 Bd6 35. d4 cxd4 36. cxd4 e4 37. fxe4 Bxe4 38. c5 Bc7 39. d5 Bxb6 40. axb6 Qf5 41. Bh4 f3 42. d6 fxg2 43. d7 Rf8 44. Rf2 Qxc5 45. d8=Q 1-0


[Site "https://www.chess.com"]

[Event "Titled Tuesday Blitz May 03 Early 2022"]
[White "Dang, Hoang Son"]
[Black "Toncheva, Nadya"]
[WhiteFideId "12402435"]
[BlackFideId "2924056"]
[WhiteElo "2252"]
[BlackElo "1884"]
[Result "0-1"]
[Round "06"]
[TimeControl "180+1"]
[Date "2022.05.03"]
[WhiteClock "0:00:03"]
[BlackClock "0:00:05"]

1. d4 d5 2. Bf4 Nf6 3. e3 c5 4. Nf3 Nc6 5. Nbd2 Qb6 6. dxc5 Qxb2 7. Rb1 Qc3 8. Bb5 e6 9. O-O Bd7 10. Ba4 Na5 11. Bxd7+ Nxd7 12. e4 Qxc5 13. Qe2 a6 14. Be3 Qd6 15. Rb6 Nxb6 16. Bxb6 Qxb6 17. exd5 Be7 18. Ne5 Qd6 19. c4 O-O 20. Rd1 Bf6 21. Ng4 Bg5 22. Ne4 Qe7 23. d6 Qd8 24. c5 Nc6 25. g3 h5 26. f4 hxg4 27. fxg5 Ne5 28. Kg2 Nf3 29. h3 Nxg5 30. Qxg4 Nxe4 31. Qxe4 Qf6 32. Qxb7 Rab8 33. Qe4 Rb2+ 34. Kh1 Qf2 0-1


[Site "https://www.chess.com"]

[Event "Titled Tuesday Blitz May 03 Early 2022"]
[White "Dauner, Benedikt"]
[Black "Sychev, Klementy"]
[WhiteFideId "16225899"]
[BlackFideId "4114060"]
[WhiteElo "2230"]
[BlackElo "2564"]
[Result "0-1"]
[Round "06"]
[TimeControl "180+1"]
[Date "2022.05.03"]
[WhiteClock "0:00:01"]
[BlackClock "0:00:20"]

1. d4 g6 2. Nf3 Bg7 3. Nc3 d6 4. Bf4 Nd7 5. Qd2 e5 6. Bg3 Nh6 7. O-O-O Nf5 8. dxe5 Nxg3 9. hxg3 Nxe5 10. Nxe5 Bxe5 11. e4 Be6 12. f4 Bg7 13. Bd3 c6 14. f5 Bd7 15. fxg6 hxg6 16. Rxh8+ Bxh8 17. Bc4 Qe7 18. Rf1 Be6 19. Bxe6 Qxe6 20. Qe3 Be5 21. Kb1 Kd7 22. Ne2 Kc7 23. Qf3 Rf8 24. Nf4 Qf6 25. c3 Kb8 26. Qg4 Qe7 27. Qf3 Bg7 28. Nd3 f5 29. exf5 Rxf5 30. Qd1 Qe4 31. Rxf5 gxf5 32. Qf3 d5 33. Kc2 Kc7 34. Kd1 Bh6 35. Kc2 Kd6 36. a3 c5 37. Qf2 c4 38. Qc5+ Kd7 39. Qb5+ Kd8 40. Qa5+ b6 41. Qxa7 Qxd3# 0-1


[Site "https://www.chess.com"]

[Event "Titled Tuesday Blitz May 03 Early 2022"]
[White "Devaev, Alexander"]
[Black "Horcajuelo Rocamora, Martin"]
[WhiteFideId "4169395"]
[BlackFideId "24573027"]
[WhiteElo "2185"]
[BlackElo "1822"]
[Result "1-0"]
[Round "06"]
[TimeControl "180+1"]
[Date "2022.05.03"]
[WhiteClock "0:00:19"]
[BlackClock "0:00:13"]

1. d4 Nf6 2. c4 c5 3. d5 e6 4. Nc3 exd5 5. cxd5 d6 6. e4 g6 7. Nf3 Bg7 8. Bd3 Bg4 9. Qa4+ Nbd7 10. Nd2 a6 11. Qc2 Ne5 12. Bf1 b5 13. h3 Bc8 14. a4 b4 15. Nd1 O-O 16. Be2 Re8 17. O-O Bb7 18. Ne3 Rc8 19. b3 a5 20. Bb2 Qc7 21. f4 Ned7 22. Bf3 Bh6 23. Be2 Nxd5 24. Ng4 Bg7 25. Bb5 Nc3 26. Rae1 h5 27. Nh2 Nxb5 28. Bxg7 Kxg7 29. axb5 Nf6 30. Qb2 Qd8 31. e5 dxe5 32. fxe5 Nd5 33. e6+ f6 34. Nhf3 Nc3 35. Kh1 Qd3 36. Nc4 Bd5 37. Nd6 Bxf3 38. Nxe8+ Rxe8 39. Rxf3 Qd5 40. Qf2 Rxe6 41. Rxe6 Qxe6 42. Re3 Qd6 43. Qe1 Kh6 44. Re6 Qf4 45. b6 Nd5 46. b7 Qc7 47. Qd2+ Nf4 48. Re7 Qxb7 49. Qxf4+ g5 50. Qxf6# 1-0


[Site "https://www.chess.com"]

[Event "Titled Tuesday Blitz May 03 Early 2022"]
[White "Djordjevic, Vuk"]
[Black "Rasulov, Vugar"]
[WhiteFideId "902098"]
[BlackFideId "13402390"]
[WhiteElo "2496"]
[BlackElo "2560"]
[Result "1/2-1/2"]
[Round "06"]
[TimeControl "180+1"]
[Date "2022.05.03"]
[WhiteClock "0:00:06"]
[BlackClock "0:00:21"]

1. d4 Nf6 2. Bg5 Ne4 3. Bf4 d5 4. e3 c5 5. Bd3 cxd4 6. exd4 Nd6 7. c3 Nc6 8. Na3 g6 9. h4 h6 10. Nc2 Bg7 11. Nf3 Qb6 12. Qe2 Ne4 13. Ne3 Be6 14. Nc4 Qd8 15. Nce5 O-O 16. Bxe4 dxe4 17. Qxe4 Bd5 18. Qe3 h5 19. O-O Re8 20. Rfe1 e6 21. b3 Ne7 22. Rad1 Nf5 23. Qd2 b5 24. c4 bxc4 25. bxc4 Bb7 26. Rb1 Bxf3 27. Nxf3 Nxh4 28. Nxh4 Qxh4 29. Rb7 Rad8 30. g3 Qg4 31. d5 exd5 32. Rxe8+ Rxe8 33. Qxd5 Re6 34. Kg2 h4 35. Rxa7 Bf6 36. Ra8+ Kh7 37. Ra3 g5 38. Qf3 Qxf3+ 39. Rxf3 gxf4 40. Rxf4 hxg3 41. fxg3 Kg6 42. Kh3 Ra6 43. Rf2 Rc6 44. Rc2 Bd4 45. Kg4 Be5 46. Kf3 Kf5 47. g4+ Ke6 48. Ke4 f6 49. c5 Bc7 50. Rc4 Bb6 51. Kd4 Rxc5 52. Rxc5 Kd6 53. Ke4 Bxc5 54. Kf5 Bd4 55. g5 fxg5 56. Kxg5 Kc5 57. Kg4 Kb4 58. a3+ Kxa3 1/2-1/2


[Site "https://www.chess.com"]

[Event "Titled Tuesday Blitz May 03 Early 2022"]
[White "Dubov, Daniil"]
[Black "Stribuk, Artiom"]
[WhiteFideId "24126055"]
[BlackFideId "13515659"]
[WhiteElo "2791"]
[BlackElo "2259"]
[Result "1-0"]
[Round "06"]
[TimeControl "180+1"]
[Date "2022.05.03"]
[WhiteClock "0:00:30"]
[BlackClock "0:00:02"]

1. d4 Nf6 2. Nf3 g6 3. c4 c5 4. d5 b5 5. cxb5 a6 6. b6 d6 7. Nc3 Nbd7 8. e4 Bg7 9. Be2 O-O 10. a4 a5 11. O-O Nxb6 12. Re1 Bg4 13. Bg5 h6 14. Bh4 Nfd7 15. Nd2 Bxe2 16. Qxe2 Re8 17. h3 Qb8 18. Kh1 Nc8 19. Nb5 Na7 20. Na3 Qxb2 21. Nac4 Qb7 22. Rab1 Qa6 23. f4 Nc8 24. e5 dxe5 25. fxe5 e6 26. d6 Ncb6 27. Nxb6 Nxb6 28. Qxa6 Rxa6 29. Rxb6 Rxb6 30. d7 Ra8 31. d8=Q+ Rxd8 32. Bxd8 Rb4 33. Bxa5 Rxa4 34. Bc3 Ra3 35. Ne4 c4 36. Rc1 g5 37. Kg1 Kh7 38. Bd4 Ra4 39. Nd6 1-0


[Site "https://www.chess.com"]

[Event "Titled Tuesday Blitz May 03 Early 2022"]
[White "Ezat, Mohamed"]
[Black "Zlatin, Alexander"]
[WhiteFideId "10600906"]
[BlackFideId "2810549"]
[WhiteElo "2386"]
[BlackElo "2228"]
[Result "1/2-1/2"]
[Round "06"]
[TimeControl "180+1"]
[Date "2022.05.03"]
[WhiteClock "0:00:07"]
[BlackClock "0:00:07"]

1. d4 d5 2. c4 e6 3. Nc3 c5 4. cxd5 cxd4 5. Qxd4 Nc6 6. Qd1 exd5 7. e3 Nf6 8. Be2 Bb4 9. Nf3 O-O 10. O-O Bg4 11. Nb5 a6 12. Nbd4 Bd6 13. Bd2 Rc8 14. Rc1 Re8 15. h3 Nxd4 16. Nxd4 Bxe2 17. Qxe2 Qd7 18. a3 Ne4 19. Rxc8 Rxc8 20. Rc1 Rxc1+ 21. Bxc1 Qc7 22. Qc2 Qxc2 23. Nxc2 Be5 24. Kf1 Nc5 25. Ke2 a5 26. b4 Nb3 27. Bd2 a4 28. Kd3 b5 29. g4 Kf8 30. f4 Bb2 31. Be1 Ke7 32. e4 dxe4+ 33. Kxe4 Ke6 34. f5+ Kd6 35. Bg3+ Kc6 36. Be5 Nd2+ 37. Kf4 Bxe5+ 38. Kxe5 Nc4+ 39. Kd4 f6 40. Ke4 Nd6+ 41. Kd3 Nc4 42. Kc3 Kd5 43. Kd3 Ke5 44. Nd4 Nxa3 45. Ne6 g6 46. fxg6 hxg6 47. Nc7 Kd6 48. Ne8+ Ke5 49. Nc7 Kd6 50. Ne8+ Ke7 51. Nc7 Kd7 52. Nd5 f5 53. gxf5 gxf5 54. h4 Nc4 55. Nc3 Nd6 56. Kd4 f4 57. h5 Ke6 58. h6 Nf5+ 59. Ke4 Nxh6 60. Nxb5 f3 61. Kxf3 Nf5 62. Na3 Nd4+ 63. Ke4 Nc6 64. b5 Na5 65. Kd4 Kd6 66. Nc2 Nb3+ 67. Kc4 Nd2+ 68. Kb4 Ne4 69. Ne3 Kc7 70. Nd5+ Kb7 71. Kxa4 Nd6 72. b6 Nc8 73. Kb5 Nxb6 1/2-1/2


[Site "https://www.chess.com"]

[Event "Titled Tuesday Blitz May 03 Early 2022"]
[White "Fedoseev, Vladimir"]
[Black "Oparin, Grigoriy"]
[WhiteFideId "24130737"]
[BlackFideId "24125890"]
[WhiteElo "2726"]
[BlackElo "2665"]
[Result "1/2-1/2"]
[Round "06"]
[TimeControl "180+1"]
[Date "2022.05.03"]
[WhiteClock "0:00:07"]
[BlackClock "0:00:12"]

1. e4 e5 2. Nf3 Nc6 3. Bb5 Nf6 4. d3 d6 5. Bxc6+ bxc6 6. h3 Be7 7. Nc3 Nd7 8. Be3 a5 9. d4 f6 10. O-O Ba6 11. Re1 O-O 12. Qd2 Rf7 13. Ne2 Nf8 14. Ng3 Ne6 15. b3 Bf8 16. c4 exd4 17. Nxd4 Nxd4 18. Bxd4 c5 19. Bc3 a4 20. Nf5 Bb7 21. Rab1 axb3 22. axb3 g6 23. Nh6+ Bxh6 24. Qxh6 Qf8 25. Qf4 Re8 26. Re3 g5 27. Qg4 h6 28. Rbe1 Qg7 29. h4 Qg6 30. hxg5 hxg5 31. f4 Rh7 32. fxg5 Qxg5 33. Qxg5+ fxg5 34. e5 Rhe7 35. e6 Bc8 36. Rg3 Rxe6 37. Rxg5+ Kh7 38. Rf1 Rg6 39. Rf7+ Kg8 40. Rg7+ Rxg7 41. Rxg7+ Kf8 42. Rxc7 Bf5 43. Bd2 Bc2 44. Bf4 Re6 45. Rb7 Ke8 46. Kf2 Be4 47. Rb6 Kd7 48. g4 d5 49. Rb7+ Kc6 50. Rc7+ Kb6 51. Rd7 dxc4 52. bxc4 Bc2 53. Rd2 Bg6 54. Be3 Bf7 55. g5 Kc6 56. Ra2 Re4 57. Ra6+ Kb7 58. Rf6 Bxc4 59. Bxc5 Re6 60. Rf4 Bd5 61. Bd4 Kc6 62. Bf6 Re4 63. Rf5 Rg4 64. Ke3 Kd6 65. Rf2 Ke6 66. Rd2 Re4+ 67. Kd3 Rg4 68. Re2+ Kf7 69. Re5 Be6 70. Kc3 Rc4+ 71. Kd3 Rg4 72. Re3 Rh4 73. Kc3 Rh3 74. Rxh3 Bxh3 75. Kd4 Kg6 76. Ke5 1/2-1/2


[Site "https://www.chess.com"]

[Event "Titled Tuesday Blitz May 03 Early 2022"]
[White "Fernandez Siles, Luis"]
[Black "Cramling Bellon, Anna"]
[WhiteFideId "2209420"]
[BlackFideId "32009232"]
[WhiteElo "2212"]
[BlackElo "1905"]
[Result "1-0"]
[Round "06"]
[TimeControl "180+1"]
[Date "2022.05.03"]
[WhiteClock "0:00:33"]
[BlackClock "0:00:02"]

1. e4 c5 2. c3 Nf6 3. e5 Nd5 4. d4 cxd4 5. Nf3 e6 6. Bc4 Nb6 7. Bb3 d6 8. cxd4 Nc6 9. exd6 Bxd6 10. O-O O-O 11. Nc3 Bd7 12. Qe2 Rc8 13. Bc2 Bb8 14. Qe4 f5 15. Qe2 Qc7 16. g3 Nb4 17. Bb3 Qc6 18. Bg5 N4d5 19. Rac1 Qd6 20. Ne5 h6 21. Bd2 Bc6 22. Nxc6 bxc6 23. Rfe1 Rce8 24. Na4 f4 25. Nc5 f3 26. Qe4 Qe7 27. Na6 Qf7 28. Nxb8 Rxb8 29. Rxc6 Qh5 30. Qxe6+ Kh8 31. Re5 Qh3 32. Qxh3 Rbc8 33. Rxh6+ 1-0


[Site "https://www.chess.com"]

[Event "Titled Tuesday Blitz May 03 Early 2022"]
[White "Gatterer, Florian"]
[Black "Mohammadian, Mohammad"]
[WhiteFideId "811688"]
[BlackFideId "12566055"]
[WhiteElo "2218"]
[BlackElo "1544"]
[Result "1-0"]
[Round "06"]
[TimeControl "180+1"]
[Date "2022.05.03"]
[WhiteClock "0:01:02"]
[BlackClock "0:00:31"]

1. d4 Nf6 2. Nf3 g6 3. g3 Bg7 4. Bg2 d5 5. O-O O-O 6. c4 c6 7. Nc3 Bf5 8. Qb3 Qd7 9. Ne5 Qc7 10. cxd5 cxd5 11. Bxd5 Nxd5 12. Nxd5 Qd6 13. Bg5 Bxe5 14. dxe5 Qxe5 15. Nxe7+ Kg7 16. Nxf5+ gxf5 17. Qxb7 Nd7 18. Qxd7 f4 19. Bxf4 Qxb2 20. Qg4+ Kh8 21. a4 Rg8 22. Qf3 Rac8 23. Rab1 Qg7 24. Qe3 h5 25. Rb7 h4 26. Be5 hxg3 27. Bxg7+ Rxg7 28. fxg3 f6 29. Rxg7 Kxg7 30. Qe7+ Kg6 31. Qxf6+ 1-0


[Site "https://www.chess.com"]

[Event "Titled Tuesday Blitz May 03 Early 2022"]
[White "Gottstein, Claudius-Thomas"]
[Black "Broca Jimenez, Fernando"]
[WhiteFideId "4653327"]
[BlackFideId "5104742"]
[WhiteElo "2109"]
[BlackElo "2062"]
[Result "1/2-1/2"]
[Round "06"]
[TimeControl "180+1"]
[Date "2022.05.03"]
[WhiteClock "0:00:37"]
[BlackClock "0:00:35"]

1. e4 c5 2. Nf3 g6 3. c3 Bg7 4. d4 cxd4 5. cxd4 d5 6. e5 Bg4 7. Bb5+ Nd7 8. Nc3 e6 9. h3 Bxf3 10. Qxf3 Ne7 11. Bd3 Qb6 12. Nb5 O-O 13. Be3 a6 14. Nd6 Qxb2 15. O-O b5 16. Rab1 Qa3 17. Rb3 Qa5 18. Bg5 f6 19. exf6 Bxf6 20. Bh6 Bg7 21. Qe3 e5 22. Bxg7 Kxg7 23. dxe5 Qb6 24. Qg5 Rae8 25. Nxe8+ Rxe8 26. h4 Nc5 27. Rc3 b4 28. Rxc5 Qxc5 29. Qf6+ Kg8 30. Qe6+ Kg7 31. Qf6+ Kg8 32. Qe6+ Kg7 33. Qf6+ 1/2-1/2


[Site "https://www.chess.com"]

[Event "Titled Tuesday Blitz May 03 Early 2022"]
[White "Grischuk, Alexander"]
[Black "Thybo, Jesper Sondergaard"]
[WhiteFideId "4126025"]
[BlackFideId "1438832"]
[WhiteElo "2762"]
[BlackElo "2316"]
[Result "1/2-1/2"]
[Round "06"]
[TimeControl "180+1"]
[Date "2022.05.03"]
[WhiteClock "0:01:41"]
[BlackClock "0:00:32"]

1. d4 Nf6 2. c4 e6 3. Nc3 Bb4 4. e3 b6 5. Ne2 Bb7 6. a3 Be7 7. d5 O-O 8. Ng3 Bd6 9. Be2 c6 10. dxe6 dxe6 11. O-O c5 12. b3 Be5 13. Bb2 Nc6 14. Qc2 Qe7 15. Rad1 Rad8 16. f4 Bc7 17. Bf3 Na5 18. Bxb7 Nxb7 19. Nce4 Nxe4 20. Nxe4 f6 21. Nc3 Rxd1 22. Rxd1 Rd8 23. g3 Rxd1+ 24. Qxd1 Qd8 25. Qxd8+ Nxd8 26. Kf2 Kf7 27. Kf3 f5 28. g4 Nc6 29. Nb1 g6 30. Nd2 e5 31. h3 exf4 32. exf4 fxg4+ 33. hxg4 h5 34. Bc3 hxg4+ 35. Kxg4 Nd8 36. Nf3 Ne6 37. f5 gxf5+ 38. Kxf5 Ke7 39. Ke4 Kd7 40. b4 cxb4 41. axb4 a5 42. Ne1 axb4 43. Bxb4 Bd6 44. Bc3 Kc6 45. Nd3 Nc5+ 46. Nxc5 Bxc5 47. Kd3 b5 48. cxb5+ Kxb5 1/2-1/2


[Site "https://www.chess.com"]

[Event "Titled Tuesday Blitz May 03 Early 2022"]
[White "Gurevich, Dmitry"]
[Black "Mikhnenko, Alexander"]
[WhiteFideId "2000407"]
[BlackFideId "34143014"]
[WhiteElo "2506"]
[BlackElo "2117"]
[Result "1/2-1/2"]
[Round "06"]
[TimeControl "180+1"]
[Date "2022.05.03"]
[WhiteClock "0:00:12"]
[BlackClock "0:00:07"]

1. d4 d5 2. c4 c6 3. cxd5 cxd5 4. Bg5 f6 5. Bf4 Nc6 6. e3 e5 7. dxe5 fxe5 8. Bg3 Nf6 9. Nf3 Bg4 10. Be2 Qb6 11. O-O Qxb2 12. Nbd2 Bxf3 13. Nxf3 Bd6 14. Rb1 Qxa2 15. Rxb7 O-O 16. Bb5 Na5 17. Ba6 Nxb7 18. Bxb7 Rae8 19. Bh4 d4 20. exd4 e4 21. Ne5 Bxe5 22. dxe5 Rxe5 23. Qd4 Qa5 24. h3 Qc5 25. Qa4 e3 26. fxe3 Qxe3+ 27. Bf2 Qg5 28. Qxa7 Kh8 29. Qa3 Rb8 30. Bd4 Rf5 31. Bf3 h6 32. Qe7 Rc8 33. Be3 Re5 34. Bxg5 Rxe7 35. Bxf6 gxf6 36. Bg4 Rc6 37. Rf2 Re5 38. Kh2 Kg7 39. Bf3 Rc7 40. Rd2 Rce7 41. Kg3 Rg5+ 42. Kf2 Rge5 43. Rd4 f5 44. Kg3 Kf6 45. Kf4 R7e6 46. Rd7 Re1 47. Rh7 Kg6 48. Rd7 Kf6 49. Rh7 Kg6 50. Rd7 Re7 51. Rd6+ R1e6 52. Rd5 Rf6 53. Rd8 Rg7 54. Rd5 Rgf7 55. Rd8 Rf8 56. Rd7 R8f7 57. Rd5 Ra7 58. h4 Ra4+ 59. Kg3 h5 60. Kh3 Rb4 61. Rd8 Rf4 62. Rg8+ Kh7 63. Rg5 Kh6 64. Rxh5+ Kg6 65. Rg5+ Kh6 66. Kg3 Ra4 67. Rh5+ Kg6 68. Rg5+ Kh6 69. Rh5+ Kg6 70. Kh3 Rb4 71. Rg5+ Kh6 72. Rg8 Kh7 73. Re8 Kh6 74. Re5 Rf4 75. Kg3 Rb4 76. Kh3 Rf4 77. Re7 Rb4 78. Rd7 Rf4 79. Rd5 Rb4 80. Re5 1/2-1/2


[Site "https://www.chess.com"]

[Event "Titled Tuesday Blitz May 03 Early 2022"]
[White "Halvax, Georg"]
[Black "Jones, Gawain C B"]
[WhiteFideId "1619543"]
[BlackFideId "409561"]
[WhiteElo "2403"]
[BlackElo "2657"]
[Result "0-1"]
[Round "06"]
[TimeControl "180+1"]
[Date "2022.05.03"]
[WhiteClock "0:00:38"]
[BlackClock "0:01:04"]

1. d4 Nf6 2. c4 d6 3. Nc3 Nbd7 4. e4 e5 5. Nge2 c5 6. d5 Be7 7. f3 Nh5 8. Be3 Bg5 9. Qd2 h6 10. g4 Nf4 11. Nxf4 exf4 12. Bxf4 Ne5 13. Be2 Qf6 14. Bxg5 hxg5 15. Qe3 Rh3 16. O-O-O Bxg4 17. Rdf1 Bxf3 18. Bxf3 g4 19. Ne2 Rxf3 20. Rxf3 gxf3 21. Ng3 Nxc4 22. Qb3 Qf4+ 23. Kc2 Ne3+ 24. Kb1 O-O-O 25. Qd3 f2 26. Rc1 Rh8 27. a4 Rxh2 28. Qb5 Rh8 29. a5 a6 30. Qb6 Qxg3 31. Qa7 Rd8 32. b4 f1=Q 33. Rxf1 Nxf1 34. bxc5 Qb3+ 35. Kc1 Qc3+ 0-1


[Site "https://www.chess.com"]